cohdb
Replays
Latest Replays
All Replays
Popular Replays
Top Player Replays
Match Explorer
How It Works
Community
CoH3 Stats
Reddit
Sign in to upload your games and track your stats! →
Sign in with Steam
Match 19939526
Unlisted
Match 19939526
Overview
Messages
Build Orders
End
Vickers Machine Gun Team
Construct Section Command Post
Selects Indian Artillery Battlegroup
Infantry Section
Infantry Section
Infantry Section
Grenade Package
Selects Valour
Construct Platoon Command Post
CMP 15cwt Truck
Selects Gurkha Rifles Section
Construct Company Command Post
Crusader II Medium Tank
Selects Pillage
Selects Artillery Saturation
Armored Vehicle Training
Crusader II Medium Tank
Selects Off-map Airburst Barrage
Crusader II Medium Tank
Crusader II Medium Tank
Selects BL5.5 Artillery Emplacement
Royal Engineer Section
Off-map Airburst Barrage
Off-map Airburst Barrage
Off-map Airburst Barrage
Off-map Airburst Barrage
Off-map Airburst Barrage
Off-map Airburst Barrage
Matilda II Heavy Tank
Matilda II Heavy Tank
Matilda II Heavy Tank
Belfegor ๏̯͡๏
Folscher
Cpt. Zugluft
PragerSchinken
Twixcy
Jean Ping
Henkolicious
leonidas
0
0
Comments
sign in to comment!
No comments posted yet!